cohdb
Replays
Latest Replays
All Replays
Popular Replays
Top Player Replays
Match Explorer
How It Works
Community
CoH3 Stats
Reddit
Sign in to upload your games and track your stats! →
Sign in with Steam
Match 43301001
Unlisted
Match 43301001
Overview
Messages
Build Orders
End
Construct Barracks
Riflemen Squad
Riflemen Squad
M1 Mortar Team
Construct Medical Station
Infantry Support Center
Riflemen Squad
M1918 Browning Automatic Rifles
Selects Advanced Infantry Battlegroup
Selects Artillery Observers
Selects Convert to Ranger Squad
Grenade Package
Construct Motor Pool
M1 Anti-tank Gun Team
Engineer Squad
Selects Designate Assault Position
M1 Anti-tank Gun Team
Advanced Logistics
Selects Infantry Assault
Infantry Assault
Selects M2A1 105mm Howitzer Emplacement
Construct Tank Depot
M4A1 Sherman Medium Tank
Artillery Observer Squad
pagep
Razarak
T.R. Olvadi
COHm4st3r
0
0
Comments
sign in to comment!
No comments posted yet!